| TOP OF THE 1ST |
|
Bradenton Sox batting - Pitching for Sarasota Eagles : RHP Tony Robledo
|
|
Pitching: RHP Tony Robledo
|
|
|
Batting: RHB Dave Coss
|
0-0: Swinging Strike 0-1: Ball 1-1: Ball 2-1: Fly out, F2 (Popup, 23F, EV 96.3 MPH)
|
|
Batting: RHB Rene Gonzales
|
0-0: Ball 1-0: Foul Ball, location: 2F 1-1: Swinging Strike 1-2: Foul Ball, location: 2F 1-2: Foul Ball, location: 2F 1-2: Ball 2-2: Foul Ball, location: 2F 2-2: Ball 3-2: Ground out 5-3 (Groundball, 5, EV 88.8 MPH)
|
|
Batting: RHB Dennis Tiefenthaler
|
0-0: Fly out, F8 (Flyball, 8RM, EV 76.3 MPH)
|
| Top of the 1st over - 0 runs, 0 hits, 0 errors, 0 left on base; Bradenton 0 - Sarasota 0 |
| BOTTOM OF THE 1ST |
|
Sarasota Eagles batting - Pitching for Bradenton Sox : RHP Mark Scheiwe
|
|
Pitching: RHP Mark Scheiwe
|
|
|
Batting: SHB Todd Mabe
|
0-0: Called Strike 0-1: Fly out, F7 (Flyball, 7, EV 93.1 MPH)
|
|
Batting: RHB Darrin Jackson
|
0-0: Called Strike 0-1: Ball 1-1: Swinging Strike 1-2: Foul Ball, location: 2F 1-2: Foul Ball, location: 2F 1-2: Strikes out swinging
|
|
Batting: RHB Thomas Brassil
|
0-0: Swinging Strike 0-1: SINGLE (Line Drive, 7S, EV 91.3 MPH)
|
|
Batting: SHB Ramon Sambo
|
0-0: Called Strike 0-1: Swinging Strike 0-2: SINGLE (Groundball, 56S, EV 75.6 MPH) (infield hit) Thomas Brassil to second
|
|
Batting: LHB Dave Martinez
|
0-0: Ball 1-0: Called Strike 1-1: Ball 2-1: SINGLE (Groundball, 34D, EV 98.1 MPH) Thomas Brassil to third Ramon Sambo to second Runner from 3rd tries for Home, SAFE, throw by RF to home
|
|
Batting: RHB Gary Appino
|
0-0: Called Strike 0-1: Swinging Strike 0-2: Strikes out looking
|
| Bottom of the 1st over - 1 run, 3 hits, 0 errors, 2 left on base; Bradenton 0 - Sarasota 1 |
| TOP OF THE 2ND |
|
Bradenton Sox batting - Pitching for Sarasota Eagles : RHP Tony Robledo
|
|
Batting: RHB Dave Hoeksema
|
0-0: Ball 1-0: SINGLE (Groundball, P, EV 81.3 MPH) (infield hit)
|
|
Batting: SHB Thomas Colburn
|
0-0: Ball 1-0: Swinging Strike 1-1: Called Strike 1-2: Foul Ball, location: 2F 1-2: Ball 2-2: Fly out, F8 (Flyball, 8LM, EV 81.9 MPH)
|
|
Batting: RHB Jerry Nalley
|
0-0: Called Strike Dave Hoeksema steals 2nd base 0-1: Ball 1-1: Ground out 6-3 (Groundball, 6, EV 104.4 MPH)
|
|
Batting: RHB Andre Wood
|
0-0: Called Strike 0-1: Ground out 4-3 (Groundball, 4M, EV 77.5 MPH)
|
| Top of the 2nd over - 0 runs, 1 hit, 0 errors, 1 left on base; Bradenton 0 - Sarasota 1 |
| BOTTOM OF THE 2ND |
|
Sarasota Eagles batting - Pitching for Bradenton Sox : RHP Mark Scheiwe
|
|
Batting: RHB Matt Stark
|
0-0: Called Strike 0-1: Called Strike 0-2: Ball 1-2: Foul Ball, location: 2F 1-2: Ball 2-2: Ball 3-2: Ground out 6-3 (Groundball, 6, EV 80.6 MPH)
|
|
Batting: LHB Jesus Mercado
|
0-0: Called Strike 0-1: Ball 1-1: Ball 2-1: Swinging Strike 2-2: Foul Ball, location: 2F 2-2: Strikes out looking
|
|
Batting: RHB Jose Estrada
|
0-0: Fly out, F9 (Line Drive, 9, EV 90.0 MPH)
|
| Bottom of the 2nd over - 0 runs, 0 hits, 0 errors, 0 left on base; Bradenton 0 - Sarasota 1 |
| TOP OF THE 3RD |
|
Bradenton Sox batting - Pitching for Sarasota Eagles : RHP Tony Robledo
|
|
Batting: RHB Dennis Keating
|
0-0: Called Strike 0-1: Called Strike 0-2: Strikes out swinging
|
|
Batting: RHB Robert Parr
|
0-0: Ball 1-0: Ball 2-0: Called Strike 2-1: Swinging Strike 2-2: Strikes out swinging
|
|
Batting: RHB Dave Coss
|
0-0: Called Strike 0-1: Called Strike 0-2: Strikes out swinging
|
| Top of the 3rd over - 0 runs, 0 hits, 0 errors, 0 left on base; Bradenton 0 - Sarasota 1 |
| BOTTOM OF THE 3RD |
|
Sarasota Eagles batting - Pitching for Bradenton Sox : RHP Mark Scheiwe
|
|
Batting: SHB Todd Mabe
|
0-0: Called Strike 0-1: Ball 1-1: Ball 2-1: Foul Ball, location: 2F 2-2: Ball 3-2: DOUBLE (Flyball, 8LXD, EV 96.3 MPH)
|
|
Batting: RHB Darrin Jackson
|
0-0: Ball 1-0: Fly out, F8 (Line Drive, 8LM, EV 99.4 MPH)
|
|
Batting: RHB Thomas Brassil
|
0-0: DOUBLE (Flyball, 78XD, EV 93.1 MPH) Todd Mabe scores
|
|
Batting: SHB Ramon Sambo
|
0-0: Swinging Strike 0-1: Ground out 4-3 (Groundball, 4M, EV 85.6 MPH) Thomas Brassil to third
|
|
Batting: LHB Dave Martinez
|
0-0: Ball 1-0: Ball 2-0: Ball 3-0: Called Strike 3-1: Base on Balls
|
|
Batting: RHB Gary Appino
|
0-0: Called Strike 0-1: Foul Ball, location: 2F 0-2: Strikes out swinging
|
| Bottom of the 3rd over - 1 run, 2 hits, 0 errors, 2 left on base; Bradenton 0 - Sarasota 2 |
| TOP OF THE 4TH |
|
Bradenton Sox batting - Pitching for Sarasota Eagles : RHP Tony Robledo
|
|
Batting: RHB Rene Gonzales
|
0-0: SINGLE (Line Drive, 8LS, EV 94.4 MPH)
|
|
Batting: RHB Dennis Tiefenthaler
|
0-0: Ball 1-0: Foul Ball, location: 2F 1-1: Ball 2-1: Fly out, F3 (Popup, 3S, EV 83.1 MPH)
|
|
Batting: RHB Dave Hoeksema
|
0-0: Called Strike 0-1: Ball 1-1: Ball 2-1: Ball 3-1: Foul Ball, location: 2F 3-2: Foul Ball, location: 2F 3-2: Base on Balls Rene Gonzales to second
|
|
Batting: SHB Thomas Colburn
|
0-0: Foul Ball, location: 2F 0-1: Called Strike 0-2: Ball 1-2: Ball Wild Pitch! Rene Gonzales to third Dave Hoeksema to second 2-2: Strikes out swinging
|
|
Batting: RHB Jerry Nalley
|
0-0: Ball 1-0: Called Strike 1-1: Ball 2-1: DOUBLE (Flyball, 78XD, EV 101.9 MPH) Rene Gonzales scores Dave Hoeksema scores
|
|
Batting: RHB Andre Wood
|
0-0: Ball 1-0: Ball 2-0: Called Strike 2-1: Fly out, F8 (Line Drive, 8LD, EV 104.4 MPH)
|
| Top of the 4th over - 2 runs, 2 hits, 0 errors, 1 left on base; Bradenton 2 - Sarasota 2 |
| BOTTOM OF THE 4TH |
|
Sarasota Eagles batting - Pitching for Bradenton Sox : RHP Mark Scheiwe
|
|
Batting: RHB Matt Stark
|
0-0: Called Strike 0-1: Called Strike 0-2: SINGLE (Flyball, 8LS, EV 100.0 MPH)
|
|
Batting: LHB Jesus Mercado
|
0-0: Hit by Pitch Matt Stark to second
|
|
Batting: RHB Jose Estrada
|
0-0: Called Strike 0-1: Called Strike 0-2: Foul Ball, location: 2F 0-2: Ball 1-2: Ball 2-2: 3-RUN HOME RUN (Flyball, 7D, EV 102.5 MPH), Distance : 355 ft
|
|
Batting: SHB Todd Mabe
|
0-0: Ball 1-0: Called Strike 1-1: Fly out, F4 (Line Drive, 4, EV 66.3 MPH)
|
|
Batting: RHB Darrin Jackson
|
0-0: Ball 1-0: Called Strike 1-1: Foul Ball, location: 2F 1-2: Foul Ball, location: 2F 1-2: Fly out, F7 (Flyball, 78M, EV 85.6 MPH)
|
|
Batting: RHB Thomas Brassil
|
0-0: Ball 1-0: Swinging Strike 1-1: Called Strike 1-2: Ball 2-2: Ball 3-2: Strikes out swinging
|
| Bottom of the 4th over - 3 runs, 2 hits, 0 errors, 0 left on base; Bradenton 2 - Sarasota 5 |
| TOP OF THE 5TH |
|
Bradenton Sox batting - Pitching for Sarasota Eagles : RHP Tony Robledo
|
|
Batting: RHB Dennis Keating
|
0-0: Foul Ball, location: 2F 0-1: Foul Ball, location: 2F 0-2: Ball 1-2: Ball 2-2: Ball 3-2: Base on Balls
|
|
Batting: RHB Robert Parr
|
0-0: Ball 1-0: Called Strike 1-1: Fielders Choice at 2nd, 4-6 (Groundball, 4S, EV 80.6 MPH)
|
|
Batting: RHB Dave Coss
|
0-0: Ball Robert Parr steals 2nd base 1-0: Called Strike 1-1: SINGLE (Line Drive, 89M, EV 101.3 MPH) Robert Parr to third Runner from 3rd tries for Home, SAFE, throw by CF to home
|
|
Batting: RHB Rene Gonzales
|
0-0: Called Strike 0-1: Ball 1-1: Called Strike 1-2: SINGLE (Line Drive, 6MD, EV 95.6 MPH) Dave Coss to second Runner from 2nd tries for 3rd, SAFE, throw by CF made to third
|
|
Batting: RHB Dennis Tiefenthaler
|
0-0: Called Strike 0-1: Ball Wild Pitch! Dave Coss scores Rene Gonzales to second 1-1: Called Strike 1-2: Strikes out swinging
|
|
Batting: RHB Dave Hoeksema
|
0-0: Ground out 5-3 (Groundball, 56S, EV 81.9 MPH)
|
| Top of the 5th over - 2 runs, 2 hits, 0 errors, 1 left on base; Bradenton 4 - Sarasota 5 |
| BOTTOM OF THE 5TH |
|
Sarasota Eagles batting - Pitching for Bradenton Sox : RHP Mark Scheiwe
|
|
Batting: SHB Ramon Sambo
|
0-0: Called Strike 0-1: Ball 1-1: Called Strike 1-2: Ball 2-2: Strikes out looking
|
|
Batting: LHB Dave Martinez
|
0-0: Ball 1-0: Fly out, F9 (Flyball, 9S, EV 79.4 MPH)
|
|
Batting: RHB Gary Appino
|
0-0: Ball 1-0: Foul Ball, location: 2F 1-1: Fly out, F7 (Flyball, 7, EV 88.8 MPH)
|
| Bottom of the 5th over - 0 runs, 0 hits, 0 errors, 0 left on base; Bradenton 4 - Sarasota 5 |
| TOP OF THE 6TH |
|
Bradenton Sox batting - Pitching for Sarasota Eagles : RHP Tony Robledo
|
|
Batting: SHB Thomas Colburn
|
0-0: Swinging Strike 0-1: Ball 1-1: Foul Ball, location: 2F 1-2: Ball 2-2: Foul Ball, location: 2F 2-2: Ball 3-2: Fly out, F8 (Flyball, 78XD, EV 95.6 MPH)
|
|
Batting: RHB Jerry Nalley
|
0-0: Called Strike 0-1: SOLO HOME RUN (Flyball, 7LD, EV 101.9 MPH), Distance : 373 ft
|
|
Batting: RHB Andre Wood
|
0-0: Foul Ball, location: 2F 0-1: Foul Ball, location: 2F 0-2: Foul Ball, location: 2F 0-2: Foul Ball, location: 2F 0-2: Ball 1-2: Ball 2-2: Fly out, F9 (Flyball, 9LS, EV 88.8 MPH)
|
|
Batting: RHB Dennis Keating
|
0-0: Ball 1-0: Foul Ball, location: 2F 1-1: Foul Ball, location: 2F 1-2: Ball 2-2: Ball 3-2: SOLO HOME RUN (Flyball, 8LXD, EV 89.4 MPH), Distance : 434 ft
|
|
Pitching: RHP Ricky Rodriguez
|
|
|
Batting: RHB Robert Parr
|
0-0: Called Strike 0-1: Fly out, F9 (Line Drive, 9, EV 88.8 MPH)
|
| Top of the 6th over - 2 runs, 2 hits, 0 errors, 0 left on base; Bradenton 6 - Sarasota 5 |
| BOTTOM OF THE 6TH |
|
Sarasota Eagles batting - Pitching for Bradenton Sox : RHP Mark Scheiwe
|
|
Batting: RHB Matt Stark
|
0-0: Ball 1-0: Foul Ball, location: 2F 1-1: Called Strike 1-2: Fly out, F8 (Flyball, 8LM, EV 91.3 MPH)
|
|
Batting: LHB Jesus Mercado
|
0-0: Ball 1-0: Ground out 4-3 (Groundball, 4, EV 86.3 MPH)
|
|
Batting: RHB Jose Estrada
|
0-0: Foul Ball, location: 2F 0-1: Called Strike 0-2: Ball 1-2: Ball 2-2: Ground out 5-3 (Groundball, 5S, EV 83.8 MPH)
|
| Bottom of the 6th over - 0 runs, 0 hits, 0 errors, 0 left on base; Bradenton 6 - Sarasota 5 |
| TOP OF THE 7TH |
|
Bradenton Sox batting - Pitching for Sarasota Eagles : RHP Ricky Rodriguez
|
|
Batting: RHB Dave Coss
|
0-0: Ball 1-0: Called Strike 1-1: Called Strike 1-2: Ball 2-2: Foul Ball, location: 2F 2-2: Strikes out looking
|
|
Batting: RHB Rene Gonzales
|
0-0: Ball 1-0: Foul Ball, location: 2F 1-1: Swinging Strike 1-2: Foul Ball, location: 2F 1-2: Foul Ball, location: 2F 1-2: Ball 2-2: Ball 3-2: SINGLE (Groundball, 34D, EV 102.5 MPH)
|
|
Batting: RHB Dennis Tiefenthaler
|
0-0: Ball 1-0: Ball 2-0: Called Strike 2-1: Called Strike 2-2: Ball 3-2: Base on Balls Rene Gonzales to second
|
|
Batting: RHB Dave Hoeksema
|
0-0: Called Strike 0-1: Swinging Strike 0-2: Hit by Pitch Rene Gonzales to third Dennis Tiefenthaler to second
|
|
Batting: SHB Thomas Colburn
|
0-0: Ball 1-0: Called Strike 1-1: Ball 2-1: Ball 3-1: Base on Balls Rene Gonzales scores Dennis Tiefenthaler to third Dave Hoeksema to second
|
|
Batting: RHB Jerry Nalley
|
0-0: Ball 1-0: GRAND SLAM HOME RUN (Line Drive, 7D, EV 106.3 MPH), Distance : 380 ft
|
|
Pitching: RHP Dave Lenderman
|
|
|
Batting: RHB Andre Wood
|
0-0: Ball 1-0: Foul Ball, location: 2F 1-1: Ball 2-1: Foul Ball, location: 2F 2-2: Ball 3-2: Strikes out looking
|
|
Batting: RHB Dennis Keating
|
0-0: Ball 1-0: Fly out, F8 (Flyball, 8RXD, EV 98.1 MPH)
|
| Top of the 7th over - 5 runs, 2 hits, 0 errors, 0 left on base; Bradenton 11 - Sarasota 5 |
| BOTTOM OF THE 7TH |
|
Sarasota Eagles batting - Pitching for Bradenton Sox : RHP Mark Scheiwe
|
|
Batting: SHB Todd Mabe
|
0-0: Ball 1-0: Ball 2-0: Ground out 6-3 (Groundball, 6, EV 105.6 MPH)
|
|
Batting: RHB Darrin Jackson
|
0-0: Ball 1-0: Swinging Strike 1-1: Foul Ball, location: 2F 1-2: Foul Ball, location: 2F 1-2: Fly out, F9 (Line Drive, 9, EV 91.9 MPH)
|
|
Batting: RHB Thomas Brassil
|
0-0: Swinging Strike 0-1: Foul Ball, location: 2F 0-2: Ball 1-2: Ball 2-2: Strikes out looking
|
| Bottom of the 7th over - 0 runs, 0 hits, 0 errors, 0 left on base; Bradenton 11 - Sarasota 5 |
| TOP OF THE 8TH |
|
Bradenton Sox batting - Pitching for Sarasota Eagles : RHP Dave Lenderman
|
|
Batting: RHB Robert Parr
|
0-0: SINGLE (Groundball, 34D, EV 97.5 MPH)
|
|
Batting: RHB Dave Coss
|
0-0: Ball 1-0: Ball 2-0: Called Strike 2-1: Foul Ball, location: 2F 2-2: Ball 3-2: Foul Ball, location: 2F 3-2: Strikes out swinging
|
|
Batting: RHB Rene Gonzales
|
0-0: Called Strike 0-1: Ball 1-1: SINGLE (Line Drive, 8LS, EV 111.9 MPH) Robert Parr to second
|
|
Batting: RHB Dennis Tiefenthaler
|
0-0: Swinging Strike 0-1: Ball 1-1: Called Strike 1-2: Strikes out swinging
|
|
Batting: RHB Dave Hoeksema
|
0-0: Ground out 5-3 (Groundball, 56, EV 82.5 MPH)
|
| Top of the 8th over - 0 runs, 2 hits, 0 errors, 2 left on base; Bradenton 11 - Sarasota 5 |
| BOTTOM OF THE 8TH |
|
Sarasota Eagles batting - Pitching for Bradenton Sox : RHP Mark Scheiwe
|
|
Batting: SHB Ramon Sambo
|
0-0: Foul Ball, location: 2F 0-1: Fly out, F7 (Flyball, 7LM, EV 71.3 MPH)
|
|
Batting: LHB Dave Martinez
|
0-0: Fly out, F7 (Flyball, 7D, EV 90.0 MPH)
|
|
Batting: RHB Gary Appino
|
0-0: Ball 1-0: Swinging Strike 1-1: Ball 2-1: Ball 3-1: Base on Balls
|
|
Batting: RHB Matt Stark
|
0-0: SINGLE (Groundball, 34D, EV 101.9 MPH) Gary Appino to second Runner from 2nd tries for 3rd, SAFE, throw by RF made to third
|
|
Pitching: RHP Joe Stefani
|
|
|
Batting: LHB Jesus Mercado
|
0-0: Ball 1-0: Ball 2-0: Ball 3-0: Called Strike 3-1: Reached on error, E5 (Groundball, 5L, EV 80.0 MPH) Gary Appino scores Matt Stark to second
|
|
Batting: RHB Jose Estrada
|
0-0: Foul Ball, location: 2F 0-1: Called Strike 0-2: Strikes out swinging
|
| Bottom of the 8th over - 1 run, 1 hit, 1 error, 2 left on base; Bradenton 11 - Sarasota 6 |
| TOP OF THE 9TH |
|
Bradenton Sox batting - Pitching for Sarasota Eagles : RHP Dave Lenderman
|
|
Batting: SHB Thomas Colburn
|
0-0: Called Strike 0-1: Ball 1-1: DOUBLE (Line Drive, 9LD, EV 104.4 MPH)
|
|
Batting: RHB Jerry Nalley
|
0-0: Ball 1-0: Swinging Strike 1-1: Ball 2-1: Swinging Strike 2-2: Ball 3-2: Base on Balls
|
|
Batting: RHB Andre Wood
|
0-0: Called Strike 0-1: Foul Ball, location: 2F 0-2: SINGLE (Groundball, 34D, EV 95.6 MPH) Thomas Colburn to third Jerry Nalley to second Runner from 3rd tries for Home, SAFE, throw by RF to home
|
|
Batting: RHB Dennis Keating
|
0-0: Ball 1-0: SINGLE (Groundball, 4MD, EV 104.4 MPH) Jerry Nalley to third Andre Wood to second Runner from 3rd tries for Home, throw by CF and OUT! 8-2
|
|
Batting: RHB Robert Parr
|
0-0: Foul Ball, location: 2F 0-1: Foul Ball, location: 2F 0-2: Ball 1-2: Fielders Choice at 2nd, 4-6 (Groundball, 4, EV 90.0 MPH) Andre Wood to third
|
|
Batting: RHB Dave Coss
|
0-0: Ground out 5-3 (Groundball, 56S, EV 81.3 MPH)
|
| Top of the 9th over - 1 run, 3 hits, 0 errors, 2 left on base; Bradenton 12 - Sarasota 6 |
| BOTTOM OF THE 9TH |
|
Sarasota Eagles batting - Pitching for Bradenton Sox : RHP Joe Stefani
|
|
Batting: SHB Todd Mabe
|
0-0: Called Strike 0-1: Foul Ball, location: 2F 0-2: Foul Ball, location: 2F 0-2: Ball 1-2: Strikes out swinging
|
|
Batting: RHB Darrin Jackson
|
0-0: SOLO HOME RUN (Flyball, 7D, EV 108.8 MPH), Distance : 353 ft
|
|
Batting: RHB Thomas Brassil
|
0-0: Called Strike 0-1: Called Strike 0-2: Ball 1-2: Strikes out swinging
|
|
Batting: SHB Ramon Sambo
|
0-0: Called Strike 0-1: Ball 1-1: Ball 2-1: Ball 3-1: Called Strike 3-2: Fly out, F8 (Line Drive, 8RM, EV 86.9 MPH)
|
| Bottom of the 9th over - 1 run, 1 hit, 0 errors, 0 left on base; Bradenton 12 - Sarasota 7 |
|